Map: Fracture LE

Players

Snute

  • Race: Zerg Zerg
  • Spawn Location: 5:00

Harstem - Winner!

  • Race: Protoss Protoss
  • Spawn Location: 11:00

Event: WCS Montreal 2018

VOD

Have the link to the VOD?

Description

Time

  • Played on: Sept. 7, 2018, 5:27 p.m.
  • Length: 4:45

All games in this series

Show
View Real Time Build Order
Export as new Build Order

Snute Zerg 

Build Orders: Hatch First, Ravager All-In 

Get SALT Encoding   

  12  0:00  Drone  
  13  0:12  Overlord  
  13  0:16  Drone  
  14  0:30  Drone x2  
  16  0:47  Hatchery  
  16  0:50  Drone  
  16  0:53  Drone  
  18  0:57  Drone  
  18  1:00  Extractor  
  17  1:12  Spawning Pool  
  17  1:15  Drone  
  17  1:20  Drone  
  18  1:28  Drone  
  19  1:38  Drone  
  20  1:49  Drone  
  21  1:57  Extractor  
  21  2:00  Queen, Overlord  
  22  2:03  Roach Warren  
  22  2:06  Drone  
  22  2:10  Zergling x2  
  23  2:22  Zergling x2  
  24  2:37  Hatchery  
  24  2:43  Roach  
  25  2:44  Roach  
  25  2:50  Roach  
  29  2:58  Roach  
  31  3:02  Overlord  
  31  3:04  Ravager  
  32  3:06  Ravager  
  33  3:14  Overlord  
  33  3:19  Hatchery  
  33  3:25  Ravager  
  33  3:26  Roach  
  36  3:37  Roach x2  
  38  3:43  Roach  
  38  3:47  Ravager  
  40  3:51  Roach  
  39  3:57  Ravager  
  40  4:09  Roach  
  40  4:13  Roach  
  43  4:19  Roach  
Show
View Real Time Build Order
Export as new Build Order

Harstem Protoss - Winner!

Build Orders:  

Get SALT Encoding   

  12  0:00  Probe  
  13  0:13  Probe  
  14  0:19  Pylon  
  14  0:24  Probe  
  15  0:33  Probe  
  15  0:40  Forge  
  15  0:41  Probe  
  17  0:51  Probe  
  18  1:07  Pylon  
  18  1:09  Pylon  
  18  1:10  Pylon  
  18  1:25  Gateway  
  18  1:26  Photon Cannon  
  18  1:29  Probe  
  18  1:31  Assimilator  
  19  1:41  Probe  
  19  1:46  Gateway  
  20  1:48  Photon Cannon  
  20  1:53  Probe  
  21  2:08  Probe  
  22  2:11  Photon Cannon  
  22  2:16  Cybernetics Core  
  22  2:27  Pylon  
  22  2:34  Photon Cannon  
  22  2:43  Stalker  
  22  2:45  Stalker, Photon Cannon  
  26  3:06  Shield Battery  
  26  3:07  Stalker  
  28  3:22  Shield Battery  
  28  3:26  Shield Battery  
  28  3:34  Stalker  
  30  3:42  Stalker  
  32  3:54  Shield Battery  
  32  4:00  Shield Battery  
  32  4:12  Shield Battery  
  32  4:24  Shield Battery  
Tags
 
Add a new tag
Caveats
  • Supply blocks, unpowered buildings, or Contaminate may cause inaccurate times.
  • Supply counts are checked every 10 seconds.